 Dungeon Crawl Stone Soup version 0.29.1-2-gbd0b4ee654 (webtiles) character file.

Game seed: 12998335777322646705

547 safid the Shooter (level 7, -2/64 HPs)
             Began as a Minotaur Hunter on Nov 7, 2022.
             Slain by an orc
             ... wielding a +0 flail
              (7 damage)
             ... on level 4 of the Dungeon.
             The game lasted 00:06:58 (4412 turns).

safid the Shooter (Minotaur Hunter)                 Turns: 4412, Time: 00:06:59

Health: -2/64      AC:  7    Str: 16    XL:     7   Next: 7%
Magic:  6/6        EV: 10    Int:  6    God:
Gold:   339        SH:  0    Dex: 15    Spells: 6/6 levels left

rFire   . . .      SeeInvis .   a - +0 shortbow
rCold   . . .      Faith    .   (shield currently unavailable)
rNeg    . . .      Spirit   .   n - +0 scale mail
rPois   .          Reflect  .   (helmet restricted)
rElec   .          Harm     .   (no cloak)
rCorr   .          Rampage  .   v - +0 pair of gloves
Will    .....                   (no boots)
Stlth   ..........              (no amulet)
HPRegen 0.20/turn               (no ring)
MPRegen 0.10/turn               (no ring)

@: no status effects
A: horns 2, retaliatory headbutt
a: no special abilities


You were on level 4 of the Dungeon.
You visited 1 branch of the dungeon, and saw 5 of its levels.

You collected 339 gold pieces.

Inventory:

Hand Weapons
 a - a +0 shortbow (weapon)
Missiles
 i - 6 javelins
Armour
 n - a +0 scale mail (worn)
 v - a +0 pair of gloves (worn)
Wands
 w - a wand of flame (5)
Scrolls
 b - a scroll of torment {unknown}
 e - a scroll of magic mapping {unknown}
 f - 4 scrolls of teleportation {unknown}
 g - a scroll of fear {unknown}
 h - 5 scrolls of identify {unknown}
 k - a scroll of poison {unknown}
 l - a scroll of noise {unknown}
 m - a scroll of enchant weapon {unknown}
 o - a scroll of brand weapon {unknown}
 r - a scroll of amnesia {unknown}
 s - a scroll of blinking {unknown}
 t - a scroll of summoning {unknown}
Potions
 c - a potion of flight {unknown}
 d - a potion of heal wounds
 j - 2 potions of might
 p - a potion of lignification {unknown}
 q - a potion of berserk rage {unknown}
 u - a potion of curing {unknown}


   Skills:
 + Level 6.8 Fighting
 + Level 7.3 Ranged Weapons
 - Level 2.1 Dodging
 - Level 0.7 Stealth


You had 6 spell levels left.
You didn't know any spells.
Your spell library contained the following spells:

 Spells                   Type           Power      Damage    Failure   Level
 Call Canine Familiar     Summ           0%         N/A       99%         3
 Ozocubu's Armour         Ice            0%         N/A       99%         3
 Portal Projectile        Hex/Tloc       0%         N/A       99%         3
 Leda's Liquefaction      Hex/Erth       0%         N/A       100%        4
 Ozocubu's Refrigeration  Ice            0%         4d7       100%        7


Dungeon Overview and Level Annotations

Branches:
Dungeon (5/15)
 Temple: D:4-7

Altars:
Kikubaaqudgha
Ru
Vehumet
Xom
Yredelemnul

Shops:
D:1 ![=

Annotations:
D:3 2 runed translucent doors


Innate Abilities, Weirdness & Mutations

You have a pair of horns on your head.
You reflexively headbutt those who attack you in melee.


Message History

The iguana closely misses you. The orc hits you with a +0 flail.
The iguana bites you!
There is a stone staircase leading up here.
You shoot an arrow. The arrow closely misses the iguana.
The orc hits you with a +0 flail. The iguana bites you.
Unknown command.
You shoot an arrow. The hound barks!
The arrow hits the iguana but does no damage.
The orc hits you with a +0 hand axe. The orc closely misses you.
The iguana barely misses you.
You shoot an arrow. The arrow barely misses the iguana.
The orc closely misses you. x2; The iguana bites you.
The orc misses you. The orc barely misses you. The iguana bites you!
You are too injured to fight recklessly!
Unknown command.
The orc hits you with a +0 hand axe. The orc closely misses you.
You furiously retaliate!
You headbutt the orc. The iguana bites you!
* * * LOW HITPOINT WARNING * * *
You climb upwards.
There is a stone staircase leading down, spattered with blood here.
Unknown command.
Fire: a) +0 shortbow
Press: ? - help, Q - select action, (/) - cycle Shift-Dir - straight line, f - iguana
Aim: an iguana (69% to hit)
You shoot an arrow. The arrow hits the iguana.
The iguana is lightly wounded.
The iguana bites you.
* * * LOW HITPOINT WARNING * * *
The orc barely misses you.
Fire: a) +0 shortbow
Press: ? - help, Q - select action, (/) - cycle Shift-Dir - straight line, f/p - iguana
Aim: an iguana (lightly wounded, 69% to hit)
You shoot an arrow. The arrow barely misses the iguana.
The orc hits you with a +0 flail.
* * * LOW HITPOINT WARNING * * *
The iguana bites you.
* * * LOW HITPOINT WARNING * * *
The orc hits you with a +0 flail!
You die...

#####.# #.# #.#
....#.##########.#
#.#
....#.#..........#
#.#
._..#.#.########.#
#.#
....#.#..........#
#.#
....#...########.#
#.# #'###.#.# #.#
#####)# ........#
#l###...#.# ..#####.#
#@oo....#.#
.######.##
#####...#.#
.........# ##.##.#
.#####.#.# #.##.# ##
#.#.# #########.##.#
# #.#.#
#.........##.# ##
#.#.# #.##########.#
.# #.#.####.# ##.# .#
#.#......#########..#


You could see an iguana and 2 orcs.

Vanquished Creatures
  3 scorpions (D:4)
  A hound (D:4)
  An iguana (D:4)
  4 orc wizards (D:4)
  Robin (D:3)
  8 gnolls
  2 adders (D:3)
  A worm (D:3)
  A dart slug (D:1)
  8 orcs
  4 bats
  2 bat zombies (D:3)
  2 endoplasms (D:1)
  2 giant cockroaches
  14 goblins
  10 hobgoblins
  3 jackals (D:2)
  12 kobolds
  3 quokkas
  11 ball pythons
  2 frilled lizards (D:2)
  6 rats
  2 rat zombies (D:3)
103 creatures vanquished.

Notes
Turn   | Place    | Note
-------+----------+-------------------------------------------
     0 | D:1      | safid the Minotaur Hunter began the quest for the Orb.
     0 | D:1      | Reached XP level 1. HP: 18/18 MP: 0/0
    48 | D:1      | Reached XP level 2. HP: 20/26 MP: 1/1
   118 | D:1      | Found Xoyskuz's Armour Emporium.
   152 | D:1      | Found Gafeotas's Jewellery Shop.
   264 | D:1      | Found Cicetwa's Distillery.
   557 | D:1      | Reached skill level 5 in Ranged Weapons
   557 | D:1      | Reached XP level 3. HP: 26/31 MP: 2/2
  1034 | D:2      | Found a faded altar of an unknown god.
  1755 | D:3      | Reached XP level 4. HP: 37/40 MP: 3/3
  2266 | D:3      | Found a large runed translucent door.
  2267 | D:3      | Found a large runed translucent door.
  2267 | D:3      | Found a shimmering altar of Xom.
  2278 | D:3      | Noticed Robin
  2304 | D:3      | Killed Robin
  2310 | D:3      | Reached XP level 5. HP: 30/47 MP: 4/4
  2430 | D:3      | Found an ancient bone altar of Kikubaaqudgha.
  2857 | D:4      | Reached skill level 5 in Fighting
  2857 | D:4      | Reached skill level 6 in Ranged Weapons
  2973 | D:4      | Found a basalt altar of Yredelemnul.
  3087 | D:4      | Reached XP level 6. HP: 25/57 MP: 5/5
  3456 | D:4      | Found a radiant altar of Vehumet.
  3563 | D:4      | Found a shimmering altar of Xom.
  3563 | D:4      | Found a sacrificial altar of Ru.
  3971 | D:4      | Reached skill level 7 in Ranged Weapons
  4273 | D:5      | Entered Level 5 of the Dungeon
  4293 | D:4      | Reached XP level 7. HP: 42/64 MP: 6/6
  4412 | D:4      | Slain by an orc

Illustrated notes

Levels and vault maps discovered:
D:1:      dpeg_arrival_tiny_d, layout_loops_ring, serial_shops, shop_fountains,
          nicolae_shop_crystal, shop_statue, minmay_misc_feat_chi,
          serial_bayou_pond_c
D:2:      layout_basic, hellmonk_ecumenical_altar_inner_sanctum
D:3:      due_chaos_kobolds, layout_basic, lemuel_zombie_altar_kikubaaqudgha,
          uniq_robin
D:4:      layout_loops_ring, amcnicky_altar_gilded, vehumet_altar_wand_db,
          gammafunk_temple_overflow_wave, minmay_misc_feat_tower
D:5:      layout_rooms, temple_fountains, serial_shops, shop

Skill      XL: |  1  2  3  4  5  6 |
---------------+-------------------+-----
Fighting       | 3 4 5 6 |  6.8
Ranged Weapons | 5 6 7 |  7.3
Dodging        | |  2.1
Stealth        | |  0.7

Action                   |  1- 3 |  4- 6 |  7- 9 || total
-------------------------+-------+-------+-------++-------
Melee: Shortbow          |       |     1 |       ||     1
 Fire: Shortbow          |   103 |   205 |    10 ||   318
  Use: Potion            |       |     2 |       ||     2
Armor: Leather armour    |    12 |       |       ||    12
       Scale mail        |     3 |    61 |     3 ||    67
Dodge: Dodged            |    34 |    85 |    10 ||   129
